 Dungeon Crawl Stone Soup version 0.28-a0-724-g66f9036eb4 (webtiles) character file.

Game seed: 597361257115796554

30349 Lekart the Thaumaturge (level 13, -2/90 HPs)
             Began as a Purple Draconian Air Elementalist on Oct 26, 2021.
             Was an Elder of Sif Muna.
             Killed from afar by an electric eel (12 damage)
             ... with a bolt of electricity
             ... on level 11 of the Dungeon on Oct 27, 2021.
             The game lasted 00:39:08 (16790 turns).

Lekart the Thaumaturge (DrAE)                      Turns: 16790, Time: 00:39:09

Health: -2/90      AC: 11    Str: 10    XL:     13   Next: 20%
Magic:  34/34      EV: 13    Int: 27    God:    Sif Muna [****..]
Gold:   1077       SH:  0    Dex: 20    Spells: 29/39 levels left

rFire   . . .      SeeInvis .     - Unarmed
rCold   . . .      Faith    .   (no shield)
rNeg    . . .      Spirit   .   (armour unavailable)
rPois   .          Reflect  .   i - +2 hat
rElec   .          Harm     .   (no cloak)
rCorr   .          Rampage  .   (no gloves)
Will    ++...      Clarity  +   p - +0 pair of boots
Stlth   +++.......              f - amulet of magic regeneration
HPRegen 0.25/turn               a - +6 ring of intelligence
MPRegen 0.49/turn               e - +6 ring of dexterity

@: no status effects
A: breathe power, AC +8, unfitting armour, cold-blooded, clarity, clever 1, high
mp 1, strong-willed 1
a: Breathe Dispelling Energy, Renounce Religion, Channel Magic, Forget Spell,
Divine Exegesis


You were on level 11 of the Dungeon.
You worshipped Sif Muna.
Sif Muna was greatly pleased with you.
You visited 2 branches of the dungeon, and saw 12 of its levels.

You collected 1941 gold pieces.
You spent 864 gold pieces at shops.

Inventory:

Armour
 i - a +2 hat (worn)
 p - a +0 pair of boots (worn)
Jewellery
 a - a +6 ring of intelligence (left hand)
 e - a +6 ring of dexterity (right hand)
 f - an amulet of magic regeneration (around neck)
 q - the amulet of Wariness {Spirit +Inv rF+ rC+ SInv}
   (You found it on level 9 of the Dungeon)

   [amulet of guardian spirit]

   It causes incoming damage to be divided between your reserves of health and
   magic.
   rF:        It protects you from fire.
   rC:        It protects you from cold.
   SInv:      It lets you see invisible.
   +Inv:      It lets you turn invisible.
 s - a ring of flight
Wands
 h - a wand of flame (14)
 l - a wand of paralysis (7)
 m - a wand of digging (3)
Scrolls
 b - 2 scrolls of magic mapping
 d - 2 scrolls of amnesia
 r - 2 scrolls of identify
 t - a scroll of enchant armour
Potions
 g - a potion of invisibility
 j - 3 potions of mutation
 k - a potion of might
 n - 7 potions of curing
 o - 2 potions of magic


   Skills:
 + Level 1.6 Fighting
 + Level 3.0 Dodging
 + Level 3.1 Stealth
 + Level 1.7 Unarmed Combat
 * Level 13.9 Spellcasting
 + Level 9.3 Conjurations
 + Level 9.6 Air Magic
 * Level 11.8 Invocations


You had 29 spell levels left.
You knew the following spells:

 Your Spells              Type           Power      Damage    Failure   Level
a - Shock                 Conj/Air       100%       1d9       1%          1
b - Swiftness             Air            63%        N/A       1%          3
c - Static Discharge      Conj/Air       63%        N/A       1%          2
d - Airstrike             Air            31%        N/A       1%          4

Your spell library contained the following spells:

 Spells                   Type           Power      Damage    Failure   Level
 Ensorcelled Hibernation  Hex/Ice        36%        N/A       4%          2
 Tukima's Dance           Hex            18%        N/A       9%          3


Dungeon Overview and Level Annotations

Branches:
Dungeon (11/15)            Temple (1/1) D:5            Lair (0/6) D:8
    Orc (0/2) D:9

Altars:
Ashenzari
Cheibriados
Elyvilon
Fedhas
Gozag
Hepliaklqana
Kikubaaqudgha
Makhleb
Nemelex Xobeh
Okawaru
Qazlal
Ru
Sif Muna
Trog
Uskayaw
Vehumet
Wu Jian
Xom
Yredelemnul
Zin
The Shining One

Shops:
D:7 !   D:9 =

Annotations:
D:2 1 runed translucent door, Crazy Yiuf
D:3 exclusion: 2 downstairs
D:4 4 runed translucent doors, Pikel
D:9 4 runed translucent doors, technautist's ghost, novice MiFi
D:10 2 transporters, edvl's ghost, novice SpEn


Innate Abilities, Weirdness & Mutations

You can breathe bolts of dispelling energy.
Your rich purple scales are hard. (AC +8)
You cannot fit into any form of body armour.
You are cold-blooded and may be slowed by cold attacks.
You possess an exceptional clarity of mind.
Your mind is acute. (Int +2)
You have an increased reservoir of magic. (+10% MP)
You are strong-willed. (Will+)


Message History

The plant begins to die.
The bolt of electricity hits the plant!!
The electric eel shoots out a bolt of lightning at you!
The bolt of electricity hits you!
The bolt of electricity hits the plant!
The plant begins to die.
An electric eel comes into view.
A nearby plant withers and dies.
The electric eel shoots out a bolt of lightning at you!
The bolt of electricity misses you.
The bolt of electricity hits the plant!
The plant begins to die.
A nearby plant withers and dies.
You feel better.
The electric eel shoots out a bolt of lightning at you!
The bolt of electricity hits you!
The electric eel shoots out a bolt of lightning at you!
The bolt of electricity hits you!
* * * LOW HITPOINT WARNING * * *
The bolt of electricity hits the plant!
The plant begins to die.
The bolt of electricity hits the plant!
The plant begins to die.
As you read the scroll of fear, it crumbles to dust.
You assume a fearsome visage.
The electric eel looks frightened! x2
A nearby plant withers and dies.
A nearby plant withers and dies.
Cornered, the electric eel turns to fight!
A nearby plant withers and dies.
The electric eel shoots out a bolt of lightning at you!
The bolt of electricity misses you.
The electric eel shoots out a bolt of lightning at you!
The bolt of electricity hits you!
* * * LOW HITPOINT WARNING * * *
You enter the shallow water.
Moving in this stuff is going to be slow.
You enter the shallow water.
Moving in this stuff is going to be slow.
The electric eel shoots out a bolt of lightning at you!
The bolt of electricity hits you!
* * * LOW HITPOINT WARNING * * *
The electric eel shoots out a bolt of lightning at you!
The bolt of electricity hits you!
You die...

#......................########
#[.....######....#######...<...
###[[....# #....#.............
.........# #....#.............
.........# #....#.............
.<.......######....#...######..##
..........≈♣♣......#...#....#..+.
.........≈♣≈≈♣.....#...#....#..+.
#####...♣♣≈P≈♣♣P@..#...#....#..##
#.≈♣♣≈P≈≈≈♣♣≈..#...#....#...
#.P≈≈≈≈≈♣≈P≈♣..#...#....#..##
##PP≈P≈≈≈≈P≈♣≈.#...#....#..#.
#≈≈≈P≈≈P≈≈♣S♣♣.#...'....#..'.
..≈♣≈≈≈≈≈≈♣P≈♣≈.#...####+#..#.
..♣≈≈≈≈≈≈≈≈≈≈≈♣.#...........#.
..♣≈≈≈≈≈≈≈≈♣≈≈≈♣###.........#.
≈≈≈≈≈≈≈≈≈≈≈..#.........#.


You could see an electric eel.

Vanquished Creatures
  A two-headed ogre (D:9)
  An ice statue (D:7)
  A gargoyle (D:11)
  A troll (D:9)
  A hornet (D:8)
  A water elemental (D:11)
  4 wraiths (D:9)
  A shadow (D:9)
  4 yaks (D:8)
  5 fire bats (D:9)
  2 steam dragons
  2 wargs (D:8)
  4 vampire mosquitoes (D:10)
  2 acid dragons (D:9)
  2 water moccasins
  5 orc warriors
  An ice beast (D:6)
  A necrophage (D:6)
  A sky beast (D:6)
  A swamp drake (D:9)
  2 black bears
  3 centaurs
  A phantom (D:6)
  A kobold brigand (D:10)
  3 scorpions
  A wyvern zombie (D:8)
  2 gnoll sergeants
  A water moccasin zombie (D:5)
  A wyvern skeleton (D:7)
  A water moccasin skeleton (D:6)
  4 killer bees (D:10)
  9 wights
  An electric eel (D:11)
  2 howler monkeys
  6 centaur zombies
  2 hounds
  A bullfrog skeleton (D:5)
  10 orc priests
  2 centaur skeletons (D:7)
  A jelly (D:5)
  2 iguanas
  7 orc wizards
  A howler monkey skeleton (D:5)
  11 gnolls
  A howler monkey zombie (D:9)
  9 adders
  A shadow imp (D:7)
  A white imp (D:7)
  A worm (D:3)
  2 adder skeletons
  An adder zombie (D:5)
  A dart slug (D:1)
  42 orcs
  8 ball pythons
  6 endoplasms
  4 giant cockroaches
  7 goblins
  6 hobgoblins
  8 kobolds
  4 quokkas
  15 bats
  3 frilled lizards
  9 rats
245 creatures vanquished.

Vanquished Creatures (collateral kills)
  A warg (D:8)
  A jelly (D:8)
  A gnoll shaman (D:8)
  An orc wizard (D:8)
  5 gnolls (D:8)
  An orc (D:8)
10 creatures vanquished.

Vanquished Creatures (others)
  2 orc wizards (D:8)
  5 fungi
  10 plants
17 creatures vanquished.

Grand Total: 272 creatures vanquished

Notes
Turn   | Place    | Note
-------+----------+-------------------------------------------
     0 | D:1      | Lekart the Draconian Air Elementalist began the quest for
                  | the Orb.
     0 | D:1      | Reached XP level 1. HP: 14/14 MP: 3/3
   109 | D:1      | Reached XP level 2. HP: 6/20 MP: 0/5
   962 | D:2      | Found a shimmering blue altar of Sif Muna.
   979 | D:2      | Reached XP level 3. HP: 26/26 MP: 1/7
  1095 | D:2      | Became a worshipper of Sif Muna the Loreminder
  1160 | D:2      | Reached skill level 3 in Spellcasting
  1577 | D:2      | Found a faded altar of an unknown god.
  1609 | D:2      | Reached XP level 4. HP: 29/33 MP: 5/8
  1873 | D:2      | Reached * piety under Sif Muna
  2380 | D:2      | Found a runed translucent door.
  2381 | D:2      | Noticed Crazy Yiuf
  2590 | D:2      | Gained mutation: You have an increased reservoir of magic.
                  | (+10% MP) [potion of mutation]
  2590 | D:2      | Gained mutation: You possess an exceptional clarity of
                  | mind. [potion of mutation]
  2590 | D:2      | Gained mutation: You have hidden genetic potential. [potion
                  | of mutation]
  2641 | D:3      | Reached skill level 1 in Invocations
  2645 | D:3      | Learned a level 3 spell: Swiftness
  3328 | D:3      | Reached XP level 5. HP: 26/39 MP: 1/11
  3521 | D:3      | Found an ornate altar of the Wu Jian Council.
  3726 | D:4      | Found a large runed translucent door.
  3726 | D:4      | Found a large runed translucent door.
  3800 | D:4      | Found a large runed translucent door.
  3801 | D:4      | Found a large runed translucent door.
  3807 | D:4      | Noticed a necrophage
  3884 | D:4      | Gained mutation: Your mind is acute. (Int +2) [hidden
                  | potential]
  4068 | D:4      | Found a glowing silver altar of Zin.
  4469 | D:4      | Noticed a lemure
  4533 | D:4      | Noticed an ogre
  4536 | D:4      | Noticed Pikel
  4537 | D:4      | Noticed a lemure
  4571 | D:5      | Entered Level 5 of the Dungeon
  4606 | D:5      | Found a staircase to the Ecumenical Temple.
  4622 | Temple   | Entered the Ecumenical Temple
  4895 | D:5      | Reached skill level 4 in Spellcasting
  5079 | D:5      | Learned a level 2 spell: Static Discharge
  5203 | D:5      | Reached XP level 6. HP: 41/46 MP: 5/13
  5208 | D:5      | Gained mutation: You are strong-willed. (Will+) [hidden
                  | potential]
  5208 | D:5      | Lost mutation: You have hidden genetic potential. [hidden
                  | potential expressed]
  5353 | D:5      | Reached skill level 1 in Unarmed Combat
  5514 | D:5      | Reached ** piety under Sif Muna
  5673 | D:5      | Noticed a water moccasin
  5682 | D:5      | Killed a water moccasin
  5683 | D:5      | Your scales start taking on a rich purple colour.
  5683 | D:5      | Reached skill level 5 in Spellcasting
  5683 | D:5      | Reached XP level 7. HP: 43/51 MP: 6/17
  5685 | D:5      | Reached skill level 5 in Air Magic
  5690 | D:5      | Learned a level 4 spell: Airstrike
  6103 | D:6      | Reached skill level 6 in Spellcasting
  6453 | D:6      | Found a broken altar of Ashenzari.
  6486 | D:6      | Reached XP level 8. HP: 29/58 MP: 10/19
  6644 | D:6      | Reached skill level 7 in Spellcasting
  7442 | D:6      | Reached skill level 8 in Spellcasting
  8780 | D:7      | Found Qexacw's Distillery.
  8960 | D:6      | Identified a scroll of acquirement
  8961 | D:6      | Acquired 1126 gold pieces
  9056 | D:7      | Found a shimmering altar of Xom.
  9056 | D:7      | Found a hazy altar of Hepliaklqana.
  9057 | D:7      | Found a stormy altar of Qazlal.
  9057 | D:7      | Found a burning altar of Makhleb.
  9111 | D:7      | Reached skill level 9 in Spellcasting
  9150 | D:7      | Bought a potion of curing for 36 gold pieces
  9150 | D:7      | Bought a potion of mutation for 96 gold pieces
  9150 | D:7      | Bought 2 potions of curing for 72 gold pieces
  9150 | D:7      | Bought a potion of mutation for 96 gold pieces
  9150 | D:7      | Bought 2 potions of curing for 72 gold pieces
  9150 | D:7      | Bought a potion of curing for 36 gold pieces
  9150 | D:7      | Bought a potion of curing for 36 gold pieces
  9182 | D:7      | Noticed an ice statue
  9354 | D:7      | Reached XP level 9. HP: 59/63 MP: 15/24
  9514 | D:7      | Found a white marble altar of Elyvilon.
  9885 | D:8      | Reached skill level 1 in Fighting
 10221 | D:8      | Found a staircase to the Lair.
 10225 | D:8      | Paralysed by a hornet for 1 turns
 10227 | D:8      | Reached skill level 10 in Spellcasting
 10227 | D:8      | Reached skill level 5 in Invocations
 10992 | D:7      | Killed an ice statue
 11704 | D:8      | Reached *** piety under Sif Muna
 11884 | D:8      | Reached skill level 11 in Spellcasting
 11887 | D:8      | Reached XP level 10. HP: 59/71 MP: 6/27
 12433 | D:8      | Found a shimmering blue altar of Sif Muna.
 12826 | D:9      | Noticed a two-headed ogre
 12844 | D:9      | Killed a two-headed ogre
 12962 | D:9      | Found a sacrificial altar of Ru.
 12968 | D:9      | Reached skill level 12 in Spellcasting
 13123 | D:9      | Found Matipy's Jewellery Emporium.
 13130 | D:9      | Bought an amulet of magic regeneration for 420 gold pieces
 13226 | D:9      | Found a staircase to the Orcish Mines.
 13763 | D:9      | Found a runed translucent gate.
 13764 | D:9      | Found a runed translucent gate.
 13764 | D:9      | Noticed technautist's ghost (novice MiFi)
 13765 | D:9      | Found a runed translucent gate.
 13809 | D:9      | Found a runed translucent door.
 13821 | D:9      | Reached **** piety under Sif Muna
 13974 | D:9      | Found a sparkling altar of Nemelex Xobeh.
 14079 | D:9      | Found a glowing golden altar of the Shining One.
 14087 | D:9      | Identified the amulet of Wariness {Spirit +Inv rF+ rC+
                  | SInv}
 14195 | D:9      | Found a bloodstained altar of Trog.
 14201 | D:9      | Noticed a flayed ghost
 14207 | D:9      | Found a glowing golden altar of the Shining One.
 14254 | D:9      | Found a glowing golden altar of the Shining One.
 14258 | D:9      | Reached skill level 13 in Spellcasting
 14420 | D:9      | Found a glowing silver altar of Zin.
 14624 | D:10     | Entered Level 10 of the Dungeon
 14657 | D:10     | Found a transporter.
 14657 | D:10     | Noticed a centaur warrior
 14659 | D:10     | Noticed edvl's ghost (novice SpEn)
 14659 | D:10     | Noticed a flayed ghost
 14660 | D:10     | Noticed a purple ugly thing
 15079 | D:10     | Found a transporter.
 15103 | D:10     | Reached XP level 11. HP: 62/78 MP: 22/31
 15384 | D:10     | Reached XP level 12. HP: 84/84 MP: 32/32
 15385 | D:10     | Reached XP level 13. HP: 90/90 MP: 33/33
 15574 | D:10     | Found a basalt altar of Yredelemnul.
 16105 | D:10     | Found a hide-covered altar of Uskayaw.
 16790 | D:11     | Killed from afar by an electric eel

Illustrated notes

Levels and vault maps discovered:
D:1:      erik_arrival_blinker_ship, layout_loops_cross
D:2:      layout_loops_ring, shapermc_ecumenical_altar_venn, basic_altar,
          uniq_crazy_yiuf_cottage
D:3:      layout_rooms, mainiacjoe_overflow_chevrons, serial_corexii_hall,
          chequers_hall_statues_y, corexii_hall_statues_l,
          corexii_hall_statues_i
D:4:      layout_rooms, grunt_dithmenos_smoke_and_mirrors, zin_academy,
          minmay_hollow_rounded_squares, uniq_pikel
D:5:      layout_cave_pods, minmay_temple_entry_gardened_gates
D:6:      layout_loops_corners, mainiacjoe_overflow_brackets,
          chequers_serial_rivers_micro_c
D:7:      lemuel_ice_statue, layout_basic, lemuel_doored_altar,
          chequers_temple_overflow_statue_of_worship, serial_shops,
          nicolae_shop_waterfront
D:8:      layout_rooms, general_overflow_altar, erik_lair_orcish_takeover,
          serial_park_tiny_pond
D:9:      due_megacathedral, layout_rooms, nicolae_ru_sacrificial_ziggurat,
          erik_orc_1, serial_shops, shop, gammafunk_ghost_nasty_kobolds
D:10:     layout_basic, lemuel_zombie_altar_yredelemnul,
          nicolae_uskayaw_dance_studio, gammafunk_ghost_arena
D:11:     layout_irregular_city, serial_bayou, serial_bayou_pond_d,
          serial_bayou_shore_b, serial_bayou_crossing, serial_bayou_lake_a,
          serial_bayou_pond_e, serial_bayou_pond_e, tso_altar, uniq_erolcha,
          uniq_snorg
Temple:   compressed_dpeg_triangle_lava_temple

Skill      XL: |  1  2  3  4  5  6  7  8  9 10 11 12 13 |
---------------+----------------------------------------+-----
Spellcasting   | 3 4 5 6 9 11 13 | 13.9
Invocations    | 1 2 3 4 5 6 11 | 11.8
Air Magic      | 4 5 6 8 9 |  9.6
Dodging        | 2 3 |  3.0
Conjurations   | 2 3 9 |  9.3
Unarmed Combat | 1 |  1.7
Stealth        | 2 3 |  3.1
Fighting       | 1 |  1.6

Action                   |  1- 3 |  4- 6 |  7- 9 | 10-12 | 13-15 || total
-------------------------+-------+-------+-------+-------+-------++-------
Melee: Unarmed           |    21 |    44 |    40 |    10 |       ||   115
       Tailslap          |     1 |     5 |     7 |     2 |       ||    15
       Punch             |       |     1 |     1 |       |       ||     2
 Cast: Shock             |    63 |   183 |    51 |    59 |    85 ||   441
       Swiftness         |       |     1 |       |       |       ||     1
       Static Discharge  |       |     1 |       |       |       ||     1
       Airstrike         |       |       |   134 |    92 |    40 ||   266
 Abil: Breathe Dispellin |       |       |     4 |     1 |       ||     5
Evoke: Wand              |       |       |     1 |       |     4 ||     5
  Use: Scroll            |     2 |     9 |     7 |     3 |     1 ||    22
       Potion            |       |     2 |       |     4 |     2 ||     8
Armor: Skin              |    19 |    34 |    43 |    36 |    99 ||   231
Dodge: Dodged            |    39 |    54 |    62 |    56 |    86 ||   297

Table legend: (Time is in decaauts)
 A = Elapsed time spent in this place.
 B = Non-inter-level travel time spent in this place.
 C = Inter-level travel time spent in this place.
 D = Time resting spent in this place.
 E = Time spent auto-exploring this place.
 F = Levels seen in this place.
 G = Mean time per level.
                   A        B        C        D        E       F      G
               +--------+--------+--------+--------+--------+-----+--------+
         Total |  16815 |  16187 |    628 |   4776 |   8391 |  12 | 1401.2 |
       Dungeon |  16570 |  15942 |    628 |   4776 |   8181 |  11 | 1506.4 |
        Temple |    244 |    244 |      0 |      0 |    210 |   1 |  244.0 |
               +--------+--------+--------+--------+--------+-----+--------+

Top non-repeatable levels by time:
     D:7: 2978 daAuts
     D:6: 2423 daAuts
     D:9: 1818 daAuts
     D:2: 1714 daAuts
     D:8: 1457 daAuts
    D:10: 1433 daAuts
     D:5: 1384 daAuts
     D:3: 1124 daAuts
     D:1: 915 daAuts
     D:4: 815 daAuts
    D:11: 506 daAuts
  Temple: 244 daAuts
